 Dungeon Crawl Stone Soup version 0.28.0-43-g3370ac3207 (webtiles) character file.

Game seed: 3045716640415823060

1425 cmymind4 the Skirmisher (level 8, -5/84 HPs)
             Began as an Ogre Berserker on Mar 11, 2022.
             Was a Believer of Trog.
             Slain by an iguana (8 damage)
             ... on level 5 of the Dungeon.
             The game lasted 00:33:35 (3805 turns).

cmymind4 the Skirmisher (Ogre Berserker)            Turns: 3805, Time: 00:33:36

Health: -5/84      AC:  7    Str: 22      XL:     8   Next: 72%
Magic:  8/8        EV: 10    Int: 10      God:    Trog [**....]
Gold:   188        SH:  0    Dex:  6 (8)  Spells: 7/7 levels left

rFire   + . .      SeeInvis .   o - +4 dagger
rCold   . . .      Faith    .   (no shield)
rNeg    . . .      Spirit   .   b - +0 animal skin
rPois   .          Reflect  .   (helmet restricted)
rElec   .          Harm     .   (no cloak)
rCorr   .          Rampage  .   (gloves unavailable)
Will    .....                   (boots unavailable)
Stlth   +.........              (no amulet)
HPRegen 0.24/turn               q - +4 ring of protection
MPRegen 0.11/turn               t - ring of protection from fire

@: about to teleport, on berserk cooldown, slowed, very slow
A: large, unfitting armour, tough skin 1
a: Renounce Religion, Berserk, Trog's Hand


You were on level 5 of the Dungeon.
You worshipped Trog.
Trog was pleased with you.
You visited 1 branch of the dungeon, and saw 5 of its levels.

You collected 188 gold pieces.

Inventory:

Hand Weapons
 a - a +0 spear
 c - a +0 dagger
 o - a +4 dagger (weapon)
 r - a +0 dagger of venom
 s - a +0 mace of holy wrath
Missiles
 f - 2 boomerangs
 i - 10 poisoned darts
Armour
 b - a +0 animal skin (worn)
 h - a +0 chain mail
 j - a +0 ring mail
 m - a +0 pair of gloves
Jewellery
 q - a +4 ring of protection (left hand)
 t - a ring of protection from fire (right hand)
Wands
 l - a wand of paralysis (1)
Scrolls
 d - 2 scrolls of identify (quivered)
 e - a scroll of brand weapon {unknown}
 g - 3 scrolls of teleportation
 k - 2 scrolls of magic mapping {unknown}
 p - a scroll of immolation {unknown}
 u - a scroll of amnesia {unknown}


   Skills:
 + Level 6.7 Fighting
 + Level 5.2 Short Blades
 + Level 4.0 Polearms
 + Level 3.1 Throwing
 + Level 5.4 Dodging
 + Level 2.1 Stealth
 + Level 0.7 Evocations


You had 7 spell levels left.
You didn't know any spells.
Your spell library contained the following spells:

 Spells                   Type           Power      Damage    Failure   Level
 Sublimation of Blood     Necr           0%         N/A       50%         2
 Airstrike                Air            0%         N/A       98%         4
 Petrify                  Tmut/Erth      0%         N/A       98%         4
 Summon Lightning Spire   Summ/Air       0%         N/A       98%         4
 Irradiate                Conj/Tmut      0%         3d13      100%        5
 Lightning Bolt           Conj/Air       0%         1d11      100%        5


Dungeon Overview and Level Annotations

Branches:
Dungeon (5/15)             Temple (0/1) D:5

Altars:
Makhleb
Yredelemnul


Innate Abilities, Weirdness & Mutations

You are too large for most types of armour.
You have tough skin. (AC +1)


Message History

The ufetubus hits you but does no damage. x2
The phantom hits you but does no damage.
The ufetubus hits you but does no damage.
The ufetubus closely misses you.
You hit the ufetubus but do no damage.
The ufetubus is almost dead.
The ufetubus closely misses you. The ufetubus hits you.
The iguana barely misses you. The phantom hits you.
The phantom blinks!
You blink.
You barely miss the phantom.
The phantom is lightly damaged.
The iguana bites you. The phantom hits you.
The phantom blinks!
You blink.
You hit the phantom.
The phantom is moderately damaged.
The phantom hits you.
The phantom blinks!
You blink.
The ufetubus closely misses you.
The ufetubus hits you but does no damage.
As you read the scroll labelled CECAEZ FATECIE, it crumbles to dust.
You feel strangely unstable.
It was a scroll of teleportation.
The ufetubus hits you.
The ufetubus hits you but does no damage.
The phantom hits you.
* * * LOW HITPOINT WARNING * * *
The ufetubus barely misses you. The ufetubus hits you.
* * * LOW HITPOINT WARNING * * *
The ogre hits you with a +0 giant spiked club!
* * * LOW HITPOINT WARNING * * *
The iguana bites you.
* * * LOW HITPOINT WARNING * * *
The phantom closely misses you.
Aiming: Paralyse
Press: ? - help, Q - select action, (/) - cycle Shift-Dir - straight line, f - ogre
Aim: an ogre, wielding a +0 giant spiked club (lightly wounded, chance to affect: 50%)
The ogre suddenly stops moving!
The ufetubus hits you.
* * * LOW HITPOINT WARNING * * *
The ufetubus hits you.
* * * LOW HITPOINT WARNING * * *
The ufetubus closely misses you. x2; The iguana bites you!
You die...

.......### ###...## .......(.#
###...#..# .........##
####........# ..........#
###.#........... #.........##
###...##.#........ .#.....)...#
###...#..#.....⌠....
##.........#+#........##........#
##.........#.§..W5.....#.........
#........#.##.#.@O.....##........
#........##.#....l⌠.....#..#...##
#.........#.##........#.##...###
#............#...........'.###
#............##........#####
.......†......#..#...###
..............##...###
...............#.###...
...............#.#......


You could see a phantom, an ogre (paralysed), an iguana and an ufetubus.

Vanquished Creatures
  Pikel (D:5)
  2 ogres
  A centaur (D:5)
  A phantom (D:5)
  A kobold brigand (D:5)
  A bullfrog (D:4)
  4 scorpions
  A human zombie (D:5)
  An orc priest (D:3)
  2 bullfrog skeletons
  An iguana (D:4)
  An orc wizard (D:5)
  A killer bee zombie (D:5)
  A howler monkey skeleton (D:5)
  2 adders
  A dart slug (D:5)
  9 orcs
  3 bats
  3 endoplasms
  2 hobgoblins
  A jackal (D:4)
  4 quokkas
  8 ball pythons
  2 frilled lizards (D:3)
  11 goblins
  8 kobolds
  4 rats
77 creatures vanquished.

Notes
Turn   | Place    | Note
-------+----------+-------------------------------------------
     0 | D:1      | cmymind4 the Ogre Berserker began the quest for the Orb.
     0 | D:1      | Reached XP level 1. HP: 24/24 MP: 1/1
   317 | D:1      | Reached XP level 2. HP: 32/32 MP: 2/2
   943 | D:3      | Found a burning altar of Makhleb.
  1099 | D:3      | Reached XP level 3. HP: 39/39 MP: 3/3
  1138 | D:3      | Reached XP level 4. HP: 22/49 MP: 4/4
  1149 | D:3      | Found a faded altar of an unknown god.
  1231 | D:3      | Reached ** piety under Trog
  1505 | D:4      | Noticed a scorpion
  1523 | D:4      | Killed a scorpion
  1524 | D:4      | Reached skill level 5 in Fighting
  1524 | D:4      | Reached skill level 1 in Short Blades
  1524 | D:4      | Reached XP level 5. HP: 25/57 MP: 5/5
  1647 | D:4      | Reached skill level 1 in Throwing
  1647 | D:4      | Reached XP level 6. HP: 25/66 MP: 6/6
  1850 | D:4      | Reached skill level 1 in Stealth
  2480 | D:5      | Entered Level 5 of the Dungeon
  2500 | D:5      | Reached XP level 7. HP: 72/72 MP: 7/7
  2807 | D:5      | Found a staircase to the Ecumenical Temple.
  2914 | D:5      | Reached skill level 6 in Fighting
  3304 | D:5      | Reached XP level 8. HP: 37/83 MP: 8/8
  3636 | D:5      | Found a runed translucent door.
  3664 | D:5      | Reached skill level 5 in Dodging
  3672 | D:5      | Found a basalt altar of Yredelemnul.
  3754 | D:5      | Noticed Pikel
  3773 | D:5      | Killed Pikel
  3774 | D:5      | Reached skill level 5 in Short Blades
  3805 | D:5      | HP: 3/84 [ufetubus (4)]
  3805 | D:5      | Slain by an iguana

Illustrated notes

Levels and vault maps discovered:
D:1:      shiori_arrival_oz, layout_loops_ring
D:2:      layout_basic, uniq_jessica
D:3:      layout_loops_ring, bloody_makhleb,
          hellmonk_ecumenical_altar_inner_sanctum, kennysheep_generic_room_5
D:4:      layout_basic, solitary_fountain, kennysheep_generic_room_14
D:5:      minmay_skewed_foursquare, layout_layer_cave, dk_yredelemnul_ordeal,
          minmay_temple_entry_trees, minmay_ogre_servants, uniq_pikel

Skill      XL: |  1  2  3  4  5  6  7  8 |
---------------+-------------------------+-----
Dodging        | 3 4 5 |  5.4
Fighting       | 5 6 |  6.7
Short Blades   | 1 2 4 5 |  5.2
Polearms       | 4 |  4.0
Throwing       | 1 2 3 |  3.1
Stealth        | 1 2 |  2.1
Evocations     | |  0.7

Action                   |  1- 3 |  4- 6 |  7- 9 || total
-------------------------+-------+-------+-------++-------
Melee: Spear             |    55 |       |       ||    55
       Dagger            |    20 |   112 |   153 ||   285
       Punch             |       |     2 |     1 ||     3
Throw: Boomerang         |       |     9 |    11 ||    20
       Dart              |       |       |     3 ||     3
Invok: Berserk           |       |     2 |     3 ||     5
Evoke: Wand              |       |     2 |     5 ||     7
  Use: Scroll            |     1 |       |     1 ||     2
       Potion            |       |     1 |     2 ||     3
 Stab: Paralysed         |       |     4 |     1 ||     5
Armor: Animal skin       |    27 |    41 |    49 ||   117
Dodge: Dodged            |    40 |    61 |    71 ||   172
